 Dungeon Crawl Stone Soup version 0.29.1-15-g9cfb28693d (webtiles) character file.

Game seed: 7631033833013225636

18 hawla the Firebug (level 3, 0/27 HPs)
             Began as a Meteoran Fire Elementalist on Apr 25, 2023.
             Slain by Edmund
             ... wielding a +5 dire flail of holy wrath
              (13 damage)
             ... on level 4 of the Dungeon.
             The game lasted 00:03:18 (390 turns).

hawla the Firebug (Meteoran Fire Elementalist)       Turns: 390, Time: 00:03:18

Health: 0/27       AC:  2    Str:  9    XL:     3   Next: 8%
Magic:  0/8        EV: 12    Int: 19    God:
Gold:   69         SH:  0    Dex: 14    Spells: 5/8 levels left

rFire   . . .      SeeInvis .   (no weapon)
rCold   . . .      Faith    .   (no shield)
rNeg    . . .      Spirit   .   a - +0 robe
rPois   .          Reflect  .   (no helmet)
rElec   .          Harm     .   (no cloak)
rCorr   .          Rampage  .   (no gloves)
Will    .....                   (no boots)
Stlth   +.........              d - amulet of regeneration
HPRegen 0.89/turn               (no ring)
MPRegen 0.11/turn               (no ring)

@: mighty, weakened, glowing
A: sense surroundings 1, otherworldly, glowing, explore regen
a: no special abilities


You were on level 4 of the Dungeon.
You visited 1 branch of the dungeon, and saw 4 of its levels.

You collected 69 gold pieces.

Inventory:

Armour
 a - a +0 robe (worn)
Jewellery
 d - an amulet of regeneration (around neck)
Potions
 e - a potion of might


   Skills:
 + Level 0.5 Fighting
 + Level 2.5 Dodging
 - Level 1.4 Stealth
 + Level 3.2 Spellcasting
 + Level 1.3 Conjurations
 + Level 4.1 Fire Magic


You had 5 spell levels left.
You knew the following spells:

 Your Spells              Type           Power      Damage    Failure   Level
a - Foxfire               Conj/Fire      52%        2x1d6     4%          1
b - Scorch                Fire           36%        2d7       4%          2

Your spell library contained the following spells:

 Spells                   Type           Power      Damage    Failure   Level
 Conjure Flame            Conj/Fire      13%        6-21      14%         3
 Inner Flame              Hex/Fire       10%        N/A       19%         3
 Flame Wave               Conj/Fire      13%        2d6       43%         4


Dungeon Overview and Level Annotations

Branches:
Dungeon (4/15) Zot: 2010
 Temple: D:4-7

Altars:

Annotations:
D:4 Edmund


Innate Abilities, Weirdness & Mutations

You passively map a small area around you.
You are easily found by Zot.
You glow in the dark.
You regain HP and MP as you explore.


Message History

You conjure some foxfire!
The gnoll shouts!
You hear a shout!
Casting: Foxfire (safe; 4% risk of failure)
Confirm with . or Enter, or press ? or * to list all spells.
Flames lash Edmund but do no damage.
You hear a shout! x2
The foxfire hits Edmund.
Edmund completely resists.
The foxfire hits Edmund but does no damage.
Unknown command.
Casting: Scorch (safe; 4% risk of failure)
Confirm with . or Enter, or press ? or * to list all spells.
Flames lash Edmund.
Edmund resists.
Edmund is lightly wounded.
Edmund's fire resistance burns away.
You hear a shout!
A gnoll bouda comes into view. It is wielding a +0 club.
Casting: Scorch (safe; 4% risk of failure)
Confirm with . or Enter, or press ? or * to list all spells.
Flames lash Edmund.
Edmund is lightly wounded.
Edmund hits you with a +5 dire flail of holy wrath!
Casting: Scorch (safe; 4% risk of failure)
Confirm with . or Enter, or press ? or * to list all spells.
You conjure some foxfire!
A gnoll comes into view. It is wielding a +0 spear.
Edmund hits you with a +5 dire flail of holy wrath.
It was a potion of might.
You feel very mighty all of a sudden.
The foxfire hits Edmund.
Edmund is moderately wounded.
The foxfire hits Edmund but does no damage.
Edmund is moderately wounded.
Edmund closely misses you.
The gnoll bouda gazes fiercely through you!
You feel your attacks grow feeble.
A gnoll comes into view. It is wielding a +0 halberd.
Unknown command.
Edmund attacks as you move away!
Edmund hits you with a +5 dire flail of holy wrath!
You die...

, * , #<.#
, , * ##.#
, #.# **
*, #.# *
#.# , *
*,, #.# ,
,* #.# ,
..#####ยง#
,
#......@#
#######@#
#g# #g# ,
* #.# #g#*
,,* g..
###


You could see Edmund (combustible), a gnoll bouda and 3 gnolls.

Vanquished Creatures
  A worm (D:3)
  2 orcs (D:3)
  3 endoplasms
  A goblin (D:1)
  A hobgoblin (D:1)
  2 jackals (D:3)
  A ball python (D:1)
  A rat (D:1)
12 creatures vanquished.

Vanquished Creatures (others)
  22 foxfires
22 creatures vanquished.

Grand Total: 34 creatures vanquished

Notes
Turn   | Place    | Note
-------+----------+-------------------------------------------
     0 | D:1      | hawla the Meteoran Fire Elementalist began the quest for
                  | the Orb.
     0 | D:1      | Reached XP level 1. HP: 14/14 MP: 5/5
    50 | D:1      | Reached XP level 2. HP: 20/20 MP: 0/6
   127 | D:3      | Reached skill level 4 in Fire Magic
   223 | D:3      | Learned a level 2 spell: Scorch
   271 | D:3      | Reached XP level 3. HP: 27/27 MP: 0/8
   382 | D:4      | Noticed Edmund
   390 | D:4      | Slain by Edmund

Illustrated notes

Levels and vault maps discovered:
D:1:      dpeg_arrival_water_altar, layout_loops_ring, eino_curves_01,
          minmay_tromino_v4_c
D:2:      layout_loops_ring, ebering_ecumenical_altar_abandoned, serial_shops,
          nicolae_shop_statue_plus, st_stairs_2
D:3:      kb_forest_paths, layout_loops_corners, st_stairs_13
D:4:      layout_basic, nicolae_gozag_seed_capital, mainiacjoe_overflow_paths,
          mainiacjoe_overflow_alcove_1, grunt_ministairs_8,
          hangedman_decor_growths, goddamned_bats, uniq_edmund, uniq_eustachio

Skill      XL: |  1  2 |
---------------+-------+-----
Spellcasting   | 3 |  3.2
Fire Magic     | 4 |  4.1
Fighting       | |  0.5
Dodging        | |  2.5
Stealth        | |  1.4
Conjurations   | |  1.3

Action                   || total
-------------------------++-------
Melee: Unarmed           ||     6
 Cast: Foxfire           ||    14
       Scorch            ||    10
  Use: Scroll            ||     3
       Potion            ||     2
Armor: Robe              ||     3
Dodge: Dodged            ||    12
